 Dungeon Crawl Stone Soup version 0.21-a0-634-gaf8bc5d (webtiles) character file.

13519 shenanigans the Fighter (level 12, -2/97 HPs)
             Began as a Barachi Skald on Dec 30, 2017.
             Was a High Priest of Cheibriados.
             Slain by a crocodile (11 damage)
             ... on level 1 of the Lair of Beasts.
             The game lasted 00:50:24 (14453 turns).

shenanigans the Fighter (Barachi Skald)            Turns: 14453, Time: 00:50:25

Health: -2/97      AC: 17    Str: 26    XL:     12   Next: 6%
Magic:  35/35      EV: 22    Int: 33    God:    Cheibriados [*****.]
Gold:   555        SH:  3    Dex: 30    Spells: 15/18 levels left

rFire    . . .     SeeInvis .   h - +7 quarterstaff "Kudghuxy" {pain, MP+9 Dex+4}
rCold    + . .     Gourm    .   (shield currently unavailable)
rNeg     + . .     Faith    .   z - +5 leather armour "Nelatou" {+Blink rC+ rN+}
rPois    .         Spirit   .   C - +0 helmet
rElec    .         Reflect  +   (no cloak)
rCorr    .         Harm     .   F - +0 pair of gloves
MR       .....                  u - +0 pair of boots
Stlth    +++.......             l - +3 amulet of reflection
HPRegen  0.26/turn              r - +4 ring of protection
MPRegen  0.24/turn              y - ring of magical power

@: about to teleport, can't hop, very slow
A: +LOS, swims, slowness 1, strong legs 1
a: Hop, Bend Time, Temporal Distortion, Slouch, Step From Time, Renounce
Religion, Evoke Blink


You were on level 1 of the Lair of Beasts.
You worshipped Cheibriados.
Cheibriados was extremely pleased with you.
You were hungry.

You visited 3 branches of the dungeon, and saw 13 of its levels.

You collected 555 gold pieces.

Inventory:

Hand Weapons
 a - a +0 hand axe
 h - the +7 quarterstaff "Kudghuxy" (weapon) {pain, MP+9 Dex+4}
   (You found it on level 8 of the Dungeon)

   In the hands of one skilled in necromantic magic, it inflicts extra damage on
   living creatures.
   It affects your dexterity (+4).
   It affects your magic capacity (+9).
 q - a cursed -1 war axe
Missiles
 L - 3 javelins (quivered)
Armour
 t - a +0 buckler
 u - a +0 pair of boots (worn)
 w - a +1 large shield
 z - the +5 leather armour "Nelatou" (worn) {+Blink rC+ rN+}
   (You found it on level 4 of the Dungeon)

   It protects you from cold.
   It protects you from negative energy.
   It lets you blink.
 C - a +0 helmet (worn)
 F - a +0 pair of gloves (worn)
Jewellery
 l - a +3 amulet of reflection (around neck)
 r - a +4 ring of protection (left hand)
 y - a ring of magical power (right hand)
Wands
 e - a wand of paralysis (9)
 f - a wand of clouds (1)
 p - a wand of digging (11)
 A - a wand of disintegration (16)
 H - a wand of enslavement (9)
Scrolls
 b - a scroll of brand weapon {unknown}
 g - a scroll of noise {unknown}
 i - 2 scrolls of identify
 j - 3 scrolls of enchant armour
 k - 2 scrolls of remove curse
 m - a scroll of vulnerability {unknown}
 n - 3 scrolls of immolation
 o - a scroll of random uselessness {unknown}
 s - 2 scrolls of teleportation
 v - 2 scrolls of magic mapping {unknown}
 B - 2 scrolls of fog {unknown}
 D - a scroll of fear {unknown}
 E - a scroll of acquirement {unknown}
 G - a scroll of enchant weapon
 I - a scroll of amnesia
 K - a scroll of holy word
Potions
 x - a potion of haste
 J - a potion of mutation
 M - 2 potions of magic
 N - a potion of lignification
Books
 c - a book of Battle

   Spells                             Type                      Level
   a - Infusion                       Charms                       1
   b - Shroud of Golubria             Charms/Translocation         2
   c - Song of Slaying                Charms                       2
   d - Spectral Weapon                Hexes/Charms                 3
   e - Regeneration                   Charms/Necromancy            3
Comestibles
 d - 14 rations


   Skills:
 + Level 10.0 Fighting
 + Level 9.3 Axes
 + Level 9.9 Armour
 + Level 9.3 Dodging
 + Level 4.0 Stealth
 * Level 7.8 Shields
 + Level 3.9 Spellcasting
 - Level 3.2 Charms
 + Level 3.6 Invocations


You had 15 spell levels left.
You knew the following spells:

 Your Spells              Type           Power        Failure   Level  Hunger
a - Infusion              Chrm           ####         1%          1    None
b - Song of Slaying       Chrm           ####....     2%          2    None


Dungeon Overview and Level Annotations

Branches:
Dungeon (11/15)            Temple (1/1) D:5            Lair (1/6) D:11
    Orc (0/2) D:10

Altars:
Ashenzari
Cheibriados
Dithmenos
Elyvilon
Fedhas
Gozag
Hepliaklqana
Kikubaaqudgha
Makhleb
Nemelex Xobeh
Okawaru
Qazlal
Ru
Sif Muna
Trog
Uskayaw
Vehumet
Wu Jian
Xom
Yredelemnul
Zin
The Shining One

Annotations:
D:4 quinnr's ghost, amateur NaFi
D:8 2 transporters, Erica


Innate Abilities, Weirdness & Mutations

Shadows flee at your approach. (+LOS)
You can swim through water.
You cover ground slowly.
You can hop short distances.


Message History

It is a scroll of enchant armour.
Your large shield glows green for a moment.
The spiny frog stings you.
* * * LOW HITPOINT WARNING * * *
The crocodile completely misses you.
Okay, then.
As you read the scroll labeled ROUJIU IJUWN, it crumbles to dust.
The creatures around you are filled with an inner flame!
It was a scroll of immolation.
Your surroundings seem slightly different.
The spiny frog barely misses you.
As you read the scroll labeled DUXKOT ZUP, it crumbles to dust.
It is a scroll of amnesia.
Okay, then.
The spiny frog completely misses you. The crocodile completely misses you.
As you read the scroll of teleportation, it crumbles to dust.
You feel strangely unstable. The spiny frog stings you!
* * * LOW HITPOINT WARNING * * *
The crocodile bites you!
You die...

##.....###.......#
.##...# ##......# ##
##.## #......## # ##
###...## ..# ## #....##
#
....##P#####....###....
........#.##...........
...........tF..........
#...........@.........#
#......((.........###
###.#..........#..#
###P##.....####
###......# ##......#
#......# #......#
.......#


You could see a spiny frog (inner flame) and a crocodile (inner flame).

Vanquished Creatures
  3 two-headed ogres
  A wizard (D:10)
  An ugly thing (D:11)
  A cyclops (D:10)
  A manticore (D:11)
  Joseph (D:8)
  A spiny frog (Lair:1)
  A komodo dragon (Lair:1)
  A freezing wraith (D:10)
  A merfolk (D:10)
  Prince Ribbit (D:9)
  A wyvern (D:10)
  7 yaks (D:11)
  3 hungry ghosts
  A two-headed ogre zombie (D:10)
  Edmund (D:4)
  A soldier ant (D:10)
  3 water moccasins
  2 hell hounds (D:11)
  A porcupine (Lair:1)
  4 ice beasts
  2 black bears
  4 orc warriors
  5 sky beasts
  3 phantoms (D:10)
  An eye of draining (D:10)
  A necrophage (D:5)
  5 ogres
  A crocodile (Lair:1)
  6 centaurs
  3 big kobolds
  5 bullfrogs
  A water moccasin skeleton (D:11)
  2 scorpions
  A troll zombie (D:10)
  5 crimson imps
  2 quasits
  2 jellies
  4 orc priests
  3 bullfrog zombies
  3 centaur zombies
  4 hounds
  5 orc wizards
  5 centaur skeletons
  A gnoll shaman (D:6)
  4 iguanas
  8 worker ants
  2 killer bee zombies
  6 ogre zombies (D:10)
  2 hound zombies
  A hound skeleton (D:7)
  A howler monkey skeleton (D:10)
  2 worker ant zombies
  9 gnolls
  13 adders
  4 shadow imps
  4 oozes
  3 adder skeletons
  An adder zombie (D:6)
  A worm (D:2)
  3 dart slugs
  3 leopard geckos
  37 orcs
  2 giant cockroaches
  7 goblins
  5 hobgoblins
  16 jackals
  7 quokkas
  2 ball pythons
  7 bats
  5 frilled lizards
  5 goblin skeletons (D:10)
  3 goblin zombies (D:10)
  A hobgoblin skeleton (D:10)
  4 hobgoblin zombies (D:10)
  14 kobolds
  2 leopard gecko skeletons (D:4)
  A leopard gecko zombie (D:6)
  2 orc skeletons (D:10)
  10 orc zombies (D:10)
  4 rats
312 creatures vanquished.

Vanquished Creatures (others)
  A shadow imp (D:8)
1 creature vanquished.

Grand Total: 313 creatures vanquished

Notes
Turn   | Place    | Note
-------+----------+-------------------------------------------
     0 | D:1      | shenanigans the Barachi Skald began the quest for the Orb.
     0 | D:1      | Reached XP level 1. HP: 17/17 MP: 3/3
   130 | D:1      | Reached XP level 2. HP: 15/23 MP: 5/5
   985 | D:1      | Reached XP level 3. HP: 27/28 MP: 1/6
   990 | D:1      | Reached skill level 3 in Fighting
  1604 | D:2      | Reached XP level 4. HP: 31/35 MP: 7/7
  2143 | D:2      | Reached XP level 5. HP: 41/41 MP: 8/8
  2634 | D:3      | Learned a level 2 spell: Song of Slaying
  2756 | D:3      | Found a hazy altar of Hepliaklqana.
  3223 | D:4      | Reached skill level 4 in Fighting
  3729 | D:4      | Got a polished leather armour
  3740 | D:4      | Identified the +5 leather armour "Nelatou" {+Blink rC+ rN+} (You found it on level 4 of the Dungeon)
  3786 | D:4      | Reached XP level 6. HP: 45/48 MP: 9/9
  3822 | D:4      | You fall through a shaft for 2 floors!
  3995 | D:6      | Noticed a sky beast
  4009 | D:6      | Killed a sky beast
  4009 | D:6      | Reached skill level 5 in Fighting
  4009 | D:6      | Reached XP level 7. HP: 56/56 MP: 10/10
  4439 | D:6      | Reached skill level 5 in Armour
  4439 | D:6      | Reached skill level 5 in Dodging
  4503 | D:5      | Entered Level 5 of the Dungeon
  4535 | D:5      | Reached skill level 5 in Axes
  4644 | D:4      | Noticed quinnr's ghost (amateur NaFi)
  4656 | D:4      | Noticed Edmund
  4947 | D:4      | Reached XP level 8. HP: 62/64 MP: 11/11
  5009 | D:4      | Killed Edmund
  5009 | D:4      | Reached skill level 6 in Fighting
  6165 | D:5      | Found a staircase to the Ecumenical Temple.
  6425 | Temple   | Entered the Ecumenical Temple
  6495 | Temple   | Became a worshipper of Cheibriados the Contemplative
  6563 | D:6      | Was placed under penance by Cheibriados
  6568 | D:6      | Was forgiven by Cheibriados
  6653 | D:6      | Reached skill level 1 in Stealth
  6803 | D:6      | Found a shadowy altar of Dithmenos.
  6870 | D:6      | Reached skill level 1 in Invocations
  6940 | D:6      | Reached XP level 9. HP: 55/71 MP: 12/12
  7427 | D:7      | Found an iron altar of Okawaru.
  7522 | D:7      | Reached skill level 7 in Fighting
  8176 | D:7      | Found a sacrificial altar of Ru.
  8587 | D:8      | Found a hide-covered altar of Uskayaw.
  8612 | D:8      | Reached * piety under Cheibriados
  8642 | D:8      | Found a transporter.
  8667 | D:8      | Found a transporter.
  8681 | D:8      | Noticed Joseph
  8827 | D:8      | Killed Joseph
  9373 | D:8      | Got an iridescent quarterstaff
  9374 | D:8      | Identified the +7 quarterstaff "Kudghuxy" {pain, MP+9 Dex+4} (You found it on level 8 of the Dungeon)
  9375 | D:8      | Found a radiant altar of Vehumet.
  9493 | D:9      | Noticed Erica
  9738 | D:8      | Reached skill level 8 in Fighting
  9765 | D:9      | Reached ** piety under Cheibriados
  9841 | D:9      | Reached skill level 1 in Shields
  9886 | D:9      | Reached XP level 10. HP: 80/80 MP: 13/13
  9906 | D:9      | Noticed Prince Ribbit
 10016 | D:9      | Killed Prince Ribbit
 10051 | D:9      | Found a white marble altar of Elyvilon.
 10054 | D:9      | Found a burning altar of Makhleb.
 10069 | D:9      | Found a shattered altar of Ashenzari.
 10072 | D:9      | Found a shimmering altar of Xom.
 10225 | D:10     | Entered Level 10 of the Dungeon
 10350 | D:10     | Noticed a two-headed ogre
 10463 | D:10     | Reached *** piety under Cheibriados
 10566 | D:10     | Noticed a wizard
 10573 | D:10     | Killed a wizard
 10573 | D:10     | Reached skill level 9 in Fighting
 10583 | D:10     | Reached skill level 5 in Shields
 10889 | D:10     | Got an encrusted spear
 10890 | D:10     | Identified the +5 spear "Tormentor" {speed, Dex+5} (You found it on level 10 of the Dungeon)
 11481 | D:10     | Found a staircase to the Orcish Mines.
 11527 | D:10     | Reached **** piety under Cheibriados
 11684 | D:10     | Reached XP level 11. HP: 47/89 MP: 14/14
 12115 | D:10     | Noticed a cyclops
 12124 | D:10     | Killed a cyclops
 12374 | D:10     | Killed a two-headed ogre
 12592 | D:11     | Noticed a four-headed hydra
 12598 | D:10     | Reached ***** piety under Cheibriados
 13071 | D:11     | Found a staircase to the Lair.
 13138 | D:11     | Noticed a two-headed ogre
 13153 | D:11     | Killed a two-headed ogre
 13256 | D:11     | Noticed a red ugly thing
 13285 | D:11     | Killed a red ugly thing
 13647 | D:11     | Noticed a manticore
 13654 | D:11     | Killed a manticore
 13658 | D:11     | Noticed a two-headed ogre
 13668 | D:11     | Killed a two-headed ogre
 14120 | Lair:1   | Entered Level 1 of the Lair of Beasts
 14146 | Lair:1   | Reached skill level 10 in Fighting
 14307 | Lair:1   | Reached XP level 12. HP: 97/97 MP: 17/17
 14453 | Lair:1   | Slain by a crocodile

Vault maps used:
D:1:      dpeg_arrival_rooms_b
D:2:      serial_park_tiny_2
D:3:      lemuel_crystal_altar
D:4:      first_ration, minmay_door_square, uniq_edmund
D:5:      minmay_temple_entry_enclosed_plants, hex_large
D:6:      grunt_dithmenos_shadows
D:7:      old_standard_altar, okawaru_ov_weapons_minmay
D:8:      gammafunk_steamed_eel, lemuel_crystal_altar, fiery_altar_vehumet,
          uniq_joseph
D:9:      grunt_temple_overflow_cloverleaf, uniq_erica, uniq_prince_ribbit1
D:10:     zombieorc2_lemuel, hangedman_fish_farm, lightli_fourway_metalbox
D:11:     minmay_lair_entry_lava
Temple:   nicolae_temple_x_marks_the_god

Skill      XL: |  1  2  3  4  5  6  7  8  9 10 11 12 |
---------------+-------------------------------------+-----
Armour         | 2 3 4 5 6 8 9 |  9.9
Fighting       | 3 4 5 6 8 9 10 | 10.0
Dodging        | 3 4 5 6 7 8 9 |  9.3
Axes           | 3 4 5 6 7 8 9 |  9.3
Stealth        | 1 2 3 4 |  4.0
Invocations    | 1 2 3 |  3.6
Shields        | 1 5 7 |  7.8
Spellcasting   | 3 |  3.9
Charms         | |  3.2

Action                   |  1- 3 |  4- 6 |  7- 9 | 10-12 || total
-------------------------+-------+-------+-------+-------++-------
Melee: Hand axe          |   140 |   174 |   653 |       ||   967
       Quarterstaff      |       |       |    54 |   518 ||   572
Throw: Tomahawk          |       |       |     6 |       ||     6
       Javelin           |       |       |     9 |    18 ||    27
 Cast: Infusion          |     3 |     9 |     9 |       ||    21
       Song of Slaying   |       |       |     1 |       ||     1
 Abil: Evoke Berserk Rag |       |     5 |    12 |       ||    17
       Hop               |       |     2 |     4 |     5 ||    11
Evoke: Wand              |       |       |       |    17 ||    17
  Use: Scroll            |       |     1 |     8 |    10 ||    19
       Potion            |       |     3 |     3 |     5 ||    11
 Stab: Sleeping          |       |       |     2 |     5 ||     7
       Distracted        |       |       |       |     1 ||     1
       Paralysed         |       |       |       |     5 ||     5
  Eat: Chunk             |     3 |     9 |    22 |     5 ||    39
       Ration            |       |     1 |     4 |     1 ||     6
Armor: Scale mail        |    99 |    63 |       |       ||   162
       Skin              |       |     7 |    36 |    11 ||    54
       Leather armour    |       |    21 |   313 |   149 ||   483
Dodge: Dodged            |    71 |   114 |   522 |   549 ||  1256
Block: Other             |       |       |    31 |    75 ||   106
       Reflection        |       |       |       |     2 ||     2

Table legend:
 A = Spawn XP
 B = Non-spawn XP
 C = Spawn XP percentage of total XP
 D = Spawn monster count
 E = Non-spawn monster count
 F = Spawn count percentage of total count
 G = Total turns spent on level
                    A         B        C        D         E        F      G
               +---------+---------+-------+---------+---------+-------+---------
         Total |       0 |   19313 |   0.0 |       0 |     312 |   0.0 | 14453
               +---------+---------+-------+---------+---------+-------+---------
           D:1 |       0 |      48 |   0.0 |       0 |      26 |   0.0 |  1351
           D:2 |       0 |     133 |   0.0 |       0 |      20 |   0.0 |  1256
           D:3 |       0 |      44 |   0.0 |       0 |       9 |   0.0 |   729
           D:4 |       0 |     510 |   0.0 |       0 |      20 |   0.0 |  1187
           D:5 |       0 |     569 |   0.0 |       0 |      24 |   0.0 |  1260
           D:6 |       0 |    1134 |   0.0 |       0 |      36 |   0.0 |  1495
           D:7 |       0 |     643 |   0.0 |       0 |      15 |   0.0 |  1256
           D:8 |       0 |    1067 |   0.0 |       0 |      22 |   0.0 |  1093
           D:9 |       0 |    1195 |   0.0 |       0 |      19 |   0.0 |   553
          D:10 |       0 |    6525 |   0.0 |       0 |      82 |   0.0 |  2405
          D:11 |       0 |    6070 |   0.0 |       0 |      32 |   0.0 |  1454
        Lair:1 |       0 |    1375 |   0.0 |       0 |       7 |   0.0 |   333
               +---------+---------+-------+---------+---------+-------+---------
